Map: Turbo Cruise '84 LE

Players

SpeCial - Winner!

  • Race: Terran Terran
  • Spawn Location: 7:00

Nerchio

  • Race: Zerg Zerg
  • Spawn Location: 3:00

Event: 2019 WCS Summer

VOD

Have the link to the VOD?

Description

Time

  • Played on: July 12, 2019, 1:17 p.m.
  • Length: 10:45

All games in this series

Show
View Real Time Build Order
Export as new Build Order

SpeCial Terran - Winner!

Build Orders: Gas First Reaper Expand, Liberator Opening 

Get SALT Encoding   

  12  0:00  SCV  
  13  0:12  SCV  
  14  0:17  Supply Depot  
  14  0:24  SCV  
  15  0:29  Refinery  
  15  0:39  SCV  
  16  0:45  Barracks  
  16  0:51  SCV  
  17  1:03  SCV  
  18  1:15  SCV  
  19  1:32  Reaper  
  19  1:33  Orbital Command  
  20  1:44  Command Center  
  20  1:55  Factory  
  20  1:59  SCV  
  21  2:07  Barracks Reactor  
  21  2:11  SCV  
  21  2:15  Supply Depot  
  22  2:19  Refinery  
  22  2:23  SCV  
  23  2:37  SCV  
  24  2:44  Starport  
  24  2:49  SCV  
  25  2:52  Hellion  
  25  2:53  Hellion  
  25  2:57  Orbital Command  
  29  3:03  SCV  
  30  3:06  Marine  
  30  3:10  Liberator  
  31  3:14  Hellion  
  31  3:16  Hellion  
  31  3:19  SCV  
  36  3:24  SCV  
  37  3:31  Barracks Tech Lab  
  40  3:37  Supply Depot, SCV  
  40  3:41  SCV  
  42  3:46  Hellion  
  42  3:47  Hellion  
  46  3:53  Stimpack  
  46  3:59  Marine, SCV x2  
  46  4:02  Supply Depot  
  49  4:09  Hellion x2  
  53  4:13  SCV  
  55  4:24  SCV  
  55  4:25  SCV  
  55  4:29  Command Center, Marine  
  57  4:36  SCV  
  57  4:37  SCV  
  59  4:42  Factory Tech Lab, Supply Depot  
  59  4:48  SCV  
  59  4:49  SCV  
  61  4:54  Marine  
  62  5:00  Starport Reactor  
  62  5:02  Barracks  
  62  5:04  Siege Tank, SCV x2  
  67  5:08  Barracks  
  67  5:12  Marine  
  59  5:16  SCV x2  
  51  5:21  Supply Depot  
  51  5:27  Engineering Bay x2  
  51  5:28  SCV x2  
  52  5:29  Marine  
  53  5:38  Siege Tank  
  53  5:40  SCV x2  
  53  5:41  Orbital Command  
  58  5:45  Refinery  
  58  5:46  Refinery  
  58  5:47  Marine  
  59  5:51  Starport Reactor  
  59  5:52  SCV  
  59  5:54  Marine x2  
  63  5:57  Supply Depot  
  63  6:00  SCV  
  63  6:04  Supply Depot, Marine x2  
  63  6:05  Marine  
  63  6:06  Supply Depot, SCV  
  63  6:07  Terran Infantry Weapons Level 1  
  67  6:11  Marine x2  
  67  6:12  Orbital Command  
  67  6:14  Terran Infantry Armor Level 1  
  67  6:15  Widow Mine  
  71  6:20  SCV x2  
  71  6:22  Marine x2  
  71  6:24  Marine  
  76  6:29  Medivac x2, Supply Depot, Marine x2  
  82  6:33  Supply Depot, SCV x2  
  82  6:39  Marine  
  84  6:40  Marine  
  84  6:41  SCV  
  84  6:42  Marine  
  84  6:43  Combat Shield  
  84  6:45  SCV x2  
  90  6:50  Marine x2  
  90  6:53  SCV  
  93  6:56  Barracks  
  93  6:57  Barracks  
  93  6:58  Marine x2  
  93  6:59  SCV  
  96  7:02  Siege Tank  
  96  7:04  SCV  
  96  7:07  Supply Depot  
  100  7:13  Marine  
  100  7:14  Marine x2  
  94  7:19  Marine x2  
  94  7:22  Armory  
  97  7:29  Supply Depot, Medivac x2  
  99  7:31  Marine  
  99  7:32  Marine x2  
  99  7:34  Siege Tank  
  105  7:37  Marine  
  105  7:39  Marine  
  108  7:47  Barracks Reactor x2  
  108  7:49  Marine  
  108  7:50  Marine x2  
  109  7:53  Barracks x2  
  109  7:55  Marine  
  109  7:57  Marine  
  111  7:59  Medivac x2  
  111  8:00  Supply Depot  
  111  8:02  Bunker  
  111  8:04  SCV  
  111  8:05  SCV  
  117  8:07  Marine x3  
  120  8:13  Marine  
  120  8:15  Marine  
  120  8:16  SCV  
  120  8:17  Supply Depot  
  120  8:18  Terran Infantry Weapons Level 2  
  123  8:25  Supply Depot, Marine x4  
  127  8:30  Siege Tank, Marine x2  
  127  8:33  Marine  
  128  8:35  Orbital Command  
  118  8:42  Marine  
  118  8:43  Marine x2, Barracks Tech Lab x2  
  118  8:44  SCV x2  
  118  8:48  Marine x3  
  120  8:51  Marine  
  122  8:56  SCV  
  122  8:58  SCV  
  122  8:59  Marine  
  125  9:08  Supply Depot  
  125  9:09  Supply Depot  
  125  9:13  Supply Depot  
  125  9:26  Supply Depot  
  125  9:27  Supply Depot  
  125  9:30  Marine x7  
  125  9:31  SCV  
  133  9:34  Marine x3, Marauder, SCV  
  128  9:48  Marine x6  
  128  9:49  Marauder  
  128  9:52  Marine x2, Marauder  
  140  9:58  Command Center  
  140  10:00  Marine  
  140  10:03  Medivac  
  140  10:06  Marine x2  
  143  10:11  Marine  
  141  10:17  Marine x3  
  141  10:18  Marauder  
  141  10:20  Supply Depot, Marine  
  145  10:22  Marine  
  145  10:24  Supply Depot  
  149  10:35  Sensor Tower  
Show
View Real Time Build Order
Export as new Build Order

Nerchio Zerg 

Build Orders: Hatch First 

Get SALT Encoding   

  12  0:00  Drone  
  13  0:12  Overlord  
  13  0:17  Drone  
  14  0:30  Drone x2  
  16  0:49  Hatchery  
  15  0:53  Drone  
  15  0:56  Drone  
  17  0:59  Drone  
  18  1:05  Extractor  
  17  1:16  Spawning Pool  
  16  1:20  Drone  
  16  1:23  Drone  
  18  1:27  Drone  
  19  1:38  Drone  
  20  1:48  Overlord  
  20  2:02  Queen  
  20  2:03  Queen  
  20  2:04  Zergling x2  
  20  2:07  Zergling x2  
  26  2:12  Metabolic Boost  
  26  2:18  Drone  
  26  2:19  Drone  
  26  2:22  Drone  
  29  2:25  Drone  
  30  2:45  Hatchery  
  30  2:46  Drone  
  30  2:47  Drone  
  31  2:52  Overlord  
  31  2:59  Queen  
  31  3:01  Drone  
  35  3:05  Drone  
  35  3:15  Drone  
  35  3:16  Drone x4  
  40  3:21  Queen  
  40  3:26  Overlord  
  42  3:28  Drone  
  42  3:30  Drone  
  44  3:44  Queen  
  44  3:45  Drone x5  
  51  3:51  Overlord  
  51  3:56  Baneling Nest  
  51  4:01  Zergling x2  
  51  4:02  Zergling x8  
  55  4:11  Drone x2  
  55  4:15  Drone  
  55  4:16  Drone  
  59  4:19  Queen, Overlord  
  59  4:21  Overlord x2  
  61  4:37  Queen  
  63  4:46  Zergling x4  
  63  4:47  Zergling x2  
  65  4:54  Zergling x4  
  65  4:55  Zergling x16  
  69  5:00  Zergling x2  
  69  5:01  Zergling x10  
  69  5:04  Drone x2  
  72  5:08  Drone  
  67  5:14  Drone  
  67  5:16  Drone  
  67  5:19  Drone  
  66  5:24  Drone  
  66  5:25  Drone  
  68  5:28  Drone  
  68  5:33  Evolution Chamber x2  
  67  5:36  Drone  
  67  5:37  Drone  
  67  5:40  Baneling x2  
  67  5:41  Drone, Baneling x6  
  69  5:45  Drone  
  69  5:48  Drone  
  71  5:51  Drone  
  71  5:52  Extractor  
  71  5:56  Drone  
  71  5:57  Drone x3  
  74  6:01  Drone  
  74  6:02  Drone  
  73  6:05  Drone  
  73  6:06  Drone  
  73  6:07  Extractor  
  75  6:11  Drone x3  
  75  6:15  Extractor  
  75  6:16  Overlord  
  75  6:18  Zerg Ground Armor Level 1  
  76  6:20  Hatchery  
  76  6:22  Overlord x3  
  76  6:25  Overlord  
  75  6:33  Lair  
  75  6:36  Drone x3  
  75  6:37  Drone x4  
  82  6:42  Drone  
  82  6:43  Drone x2  
  85  6:49  Zergling x4  
  85  6:52  Queen  
  89  6:55  Zergling x2  
  89  6:56  Zergling x12  
  96  7:03  Overlord x2  
  96  7:14  Zergling x12  
  93  7:19  Zergling x6  
  93  7:20  Zergling x4  
  96  7:27  Drone x2  
  96  7:28  Drone x2  
  97  7:30  Queen  
  97  7:32  Centrifical Hooks  
  97  7:35  Spire  
  98  7:40  Zergling x12  
  104  7:47  Drone x4  
  104  7:48  Drone  
  104  7:49  Extractor  
  108  7:52  Extractor  
  108  7:53  Zerg Melee Weapons Level 1  
  108  7:55  Zergling x10  
  108  7:58  Baneling x4  
  112  7:59  Baneling x3  
  112  8:03  Zergling x12  
  118  8:09  Zergling x2, Baneling x2  
  118  8:10  Zergling x2  
  120  8:14  Zergling x2  
  120  8:15  Zergling x2  
  122  8:20  Baneling x2  
  122  8:21  Baneling  
  122  8:23  Zergling x16  
  122  8:26  Zergling x2  
  131  8:30  Zergling x2  
  131  8:31  Zergling x2  
  123  8:38  Zergling x12  
  123  8:40  Queen  
  123  8:41  Queen x2  
  127  8:50  Zergling x8  
  127  8:54  Overlord x2  
  126  8:59  Zergling x2  
  126  9:00  Zergling x6  
  130  9:03  Baneling x3  
  130  9:08  Overlord  
  128  9:12  Overlord  
  128  9:16  Queen  
  130  9:19  Baneling x12  
  130  9:22  Zergling x12  
  130  9:23  Zergling x2, Baneling  
  130  9:24  Hatchery, Baneling x6  
  126  9:34  Zergling x2  
  126  9:35  Zergling x4  
  105  9:39  Zergling x2  
  105  9:40  Zergling x2  
  105  9:41  Zergling x10  
  105  9:42  Zergling x2  
  105  9:44  Zergling x2  
  111  9:46  Zergling x4  
  111  9:49  Zergling x2  
  111  9:51  Zergling x2  
  115  10:00  Zergling x4  
  116  10:09  Zergling x2  
  116  10:10  Zergling x4  
  116  10:12  Zergling x6  
  116  10:14  Zergling x2  
  118  10:21  Zergling x4  
  115  10:35  Extractor  
Tags
 
Add a new tag
Caveats
  • Supply blocks, unpowered buildings, or Contaminate may cause inaccurate times.
  • Supply counts are checked every 10 seconds.